 Dungeon Crawl Stone Soup version 0.18.1-48-g4cf74bf (webtiles) character file.

265966 KarvaRausku the Slayer (level 19, -11/190 HPs)
             Began as a Minotaur Gladiator on Aug 22, 2016.
             Was the Champion of Okawaru.
             Killed from afar by a hellion (16 damage)
             ... with damnation
             ... on level 3 of the Abyss on Sept 3, 2016.
             The game lasted 02:40:58 (42654 turns).

KarvaRausku the Slayer (Minotaur Gladiator)        Turns: 42654, Time: 02:41:00

Health: -11/190    AC: 28    Str: 24    XL:     19   Next: 31%
Magic:  21/21      EV: 20    Int: 10    God:    Okawaru [******]
Gold:   2667       SH:  0    Dex: 16    Spells: 1 memorised, 20 levels left

rFire  x . .     SeeInvis .     a - +5 executioner's axe "Ofetwasu" {chop, rElec Stlth+}
rCold  . . .     Gourm    +     c - +5 scale mail "Zoitudy" {rElec rPois rF- rCorr}
rNeg   . . .     Faith    .     (shield currently unavailable)
rPois  +         Spirit   .     (helmet unavailable)
rElec  +         Dismiss  .     j - +2 cloak
rCorr  +         Reflect  .     V - +0 pair of gloves of Zugokank {rElec Str+3 Int-3 Dex+4}
SustAt .         Harm     .     y - +2 pair of boots {run}
MR     +....                    l - amulet of the gourmand
Stlth  +.........               m - +6 ring of intelligence
                                B - +5 ring of slaying

@: exhausted, very slightly contaminated, slowed, very slow, somewhat resistant
to hostile enchantments, very unstealthy
A: retaliatory headbutt, horns 3, iridescent scales 1, yellow scales 1, deformed
body, low mp 1, sense surroundings 1, screaming 1, weak 2
a: Heroism, Finesse, Renounce Religion
}: 2/15 runes: barnacled, gossamer


You were on level 3 of the Abyss.
You worshipped Okawaru.
Okawaru was exalted by your worship.
You were very full.

You visited 9 branches of the dungeon, and saw 38 of its levels.
You visited the Abyss 1 time.
You also visited: Sewer, Ossuary, Bailey and Volcano.

You collected 3927 gold pieces.
You spent 1260 gold pieces at shops.

Inventory:

Hand Weapons
 a - the +5 executioner's axe "Ofetwasu" (weapon) {chop, rElec Stlth+}
   (Okawaru gifted it to you on level 8 of the Lair of Beasts)

   It inflicts extra damage upon your enemies.
   It insulates you from electricity.
   It makes you more stealthy.
 b - the +1 battleaxe "Beabb" {elec, *Contam Int+5 SInv}
   (Okawaru gifted it to you on level 7 of the Lair of Beasts)

   Occasionally, upon striking a foe, it will discharge some electrical energy
   and cause terrible harm.
   It affects your intelligence (+5).
   It lets you see invisible.
   It causes magical contamination when unequipped.
 q - the +8 spear of Equilibrium {freeze, rN+ Str+5 Int+2}
   (You found it on level 12 of the Dungeon)

   It has been specially enchanted to freeze those struck by it, causing extra
   injury to most foes and up to half again as much damage against particularly
   susceptible opponents.
   It can also slow down cold-blooded creatures.
   It affects your strength (+5).
   It affects your intelligence (+2).
   It protects you from negative energy.
 D - the +8 hand crossbow "Omid" {penet, rElec rPois rC-, unknown}
   (You found it on level 3 of the Spider Nest)

   Ammo fired by it will pass through the targets it hits, potentially hitting
   all targets in its path until it reaches maximum range.
   It makes you vulnerable to cold.
   It insulates you from electricity.
   It protects you from poison.
 E - the +12 hand crossbow of the Big Bang {elec, Str+2}
   (You found it on level 2 of the Shoals)

   It charges the ammunition it shoots with electricity; occasionally upon a
   hit, such missiles may discharge and cause terrible harm.
   It affects your strength (+2).
 O - the +1 battleaxe of Autumn {chop, rPois Stlth+}
   (Okawaru gifted it to you on level 3 of the Spider Nest)

   It inflicts extra damage upon your enemies.
   It protects you from poison.
   It makes you more stealthy.
Missiles
 d - 45 tomahawks of returning (quivered)
 w - 3 javelins of penetration
 J - 438 bolts
Armour
 c - the +5 scale mail "Zoitudy" (worn) {rElec rPois rF- rCorr}
   (You found it on level 8 of the Lair of Beasts)

   It makes you vulnerable to fire.
   It insulates you from electricity.
   It protects you from poison.
   It protects you from acid and corrosion.
 h - a +2 pair of boots of flying
 j - a +2 cloak (worn)
 n - the +1 scale mail "Ekheabb" {*Confuse rElec rPois rN+}
   (You found it on level 1 of the Vaults)

   It insulates you from electricity.
   It protects you from poison.
   It protects you from negative energy.
   It may confuse you when you take damage.
 y - a +2 pair of boots of running (worn)
 L - a cursed +0 pair of gloves
 V - the +0 pair of gloves of Zugokank (worn) {rElec Str+3 Int-3 Dex+4}
   (Okawaru gifted it to you on level 3 of the Lair of Beasts)

   It affects your strength (+3).
   It affects your intelligence (-3).
   It affects your dexterity (+4).
   It insulates you from electricity.
Jewellery
 l - an amulet of the gourmand (around neck)
 m - a +6 ring of intelligence (right hand)
 o - a +3 ring of evasion
 z - an uncursed ring of protection from magic {unknown}
 B - a +5 ring of slaying (left hand)
 T - a +2 ring of evasion
Wands
 t - a wand of digging (14/24)
 G - a wand of iceblast (7/15)
 H - a wand of teleportation (7/9)
 N - a wand of teleportation (1/9)
Scrolls
 i - a scroll of recharging
 k - 2 scrolls of identify
 p - 2 scrolls of magic mapping
 u - 5 scrolls of fog
 x - a scroll of enchant armour
 A - 19 scrolls of remove curse
 I - 4 scrolls of teleportation
 K - a scroll of summoning
 Q - 8 scrolls of amnesia
 R - a scroll of enchant weapon
 W - 6 scrolls of fear
Potions
 e - a potion of resistance
 g - 5 potions of curing
 r - 6 potions of flight
 s - a potion of berserk rage
 C - 4 potions of agility
 F - a potion of might
 M - 3 potions of ambrosia
 P - 3 potions of haste
 S - a potion of cancellation
 U - a potion of heal wounds
 Y - 2 potions of invisibility
Miscellaneous
 v - a plain deck of defence {drawn: 6}
Comestibles
 f - 13 bread rations
 X - 8 royal jellies
 Z - 8 meat rations


   Skills:
 + Level 21.4 Fighting
 - Level 20.4 Axes
 - Level 6.6 Crossbows
 + Level 5.7 Throwing
 + Level 18.1 Armour
 + Level 14.3 Dodging
 - Level 3.1 Spellcasting
 - Level 3.4 Translocations
 + Level 7.4 Invocations


You had 20 spell levels left.
You knew the following spells:

 Your Spells              Type           Power        Failure   Level  Hunger
a - Passage of Golubria   Tloc           N/A          95%         4    #####..


Dungeon Overview and Level Annotations

Branches:
Dungeon (15/15)            Temple (1/1) D:5            Lair (8/8) D:9
 Shoals (4/4) Lair:4       Spider (4/4) Lair:6        Slime (1/6) Lair:8
    Orc (2/2) D:12            Elf (1/3) Orc:2        Vaults (2/5) D:14
  Crypt: Vaults:2-3  Depths: D:15

Altars:
Ashenzari
Cheibriados
Dithmenos
Elyvilon
Fedhas
Gozag
Kikubaaqudgha
Makhleb
Nemelex Xobeh
Okawaru
Pakellas
Qazlal
Ru
Sif Muna
Trog
Vehumet
Xom
Yredelemnul
Zin
The Shining One

Shops:
D:10 !   Orc:1 (   Orc:2 (}=?   Shoals:3 %

Annotations:
D:4 futacatgirl's ghost, amateur TeAE
D:10 Maurice


Innate Abilities, Weirdness & Mutations

You reflexively headbutt those who attack you in melee.
You have a pair of large horns on your head.
You are partially covered in iridescent scales (AC +4).
You are partially covered in yellow scales (AC +2).
Armour fits poorly on your strangely shaped body.
Your magical capacity is low (-10% MP).
You passively map a small area around you.
You occasionally shout uncontrollably at your foes.
You are very weak. (Str -4)


Message History

The ynoxinul bellows!
Something shouts, "Slither away, thou simpering hedge-born canker-blossom!"
You hear a hideous shriek!
The ynoxinul gestures.
A hellion comes into view.
Drink which item? (? for menu, Esc to quit)
You feel much better.
A starcursed mass splits.
The hellion gestures at you.
The damnation unfurls!
The damnation engulfs you!
* * * LOW HITPOINT WARNING * * *
The damnation engulfs the starcursed mass.
The damnation engulfs the ufetubus.
The ufetubus dies!
The starcursed mass shudders and is absorbed by its neighbour.
The ynoxinul gestures.
A chorus of shrieks assaults your mind.
* * * LOW HITPOINT WARNING * * *
A starcursed mass splits.
The hellion gestures at you.
The damnation unfurls!
The damnation engulfs you!
You die...

.# .#...# . ..
. ...#### ...
#..##... ...X..
#.# ## . x.#
#X..#.#. 5# . .
#. .
X.##.##......##
. ≈ ##X##.... .
. #XX.#..#.#
#.. #.....#.))
. .
#@...#.....# .
#.≈.....#≈####
. #
.≈≈#≈..≈.### .
§ 2/.#≈..3 # .#
..## #
#.≈≈≈#≈.#.. .##
# .#.# ..≈≈5#5
. # ...
....#≈..≈ . .
#. ..###.≈≈≈≈ ≈
≈ . #


You could see 3 starcursed masses, a hellion, a ynoxinul and 2 ufetubi.

Vanquished Creatures
  Saint Roka (Orc:2)
  Arachne (Spider:3)
  Rupert (Lair:3)
  2 liches (Abyss:3)
  An acid blob (Slime:1)
  Gastronok (Lair:3)
  Ilsuiw (Shoals:4)
  Maud (Lair:4)
  2 vault wardens (Vaults:1)
  7 emperor scorpions (Spider:4)
  An orc warlord (Orc:1)
  5 ghost moths
  3 ironheart preservers
  A very ugly thing (Abyss:3)
  Nessos (Orc:2)
  2 spark wasps (Spider:4)
  The ghost of Anicorn the Severer, a journeyman MiBe of Trog (D:13)
  Azrael (D:12)
  A green death (Abyss:3)
  4 merfolk javelineers
  An ettin (Orc:2)
  11 vault guards
  2 merfolk impalers (Shoals:3)
  2 great orbs of eyes
  A fire dragon (D:14)
  2 yaktaur captains (Vaults:1)
  An entropy weaver (Spider:2)
  11 hydras
  A naga warrior (Abyss:3)
  2 catoblepae (Lair:8)
  3 merfolk aquamancers
  A death knight (D:15)
  4 centaur warriors
  A merfolk avatar (Shoals:3)
  A deep troll shaman (Lair:8)
  3 satyrs (Shoals:2)
  10 ogre magi
  2 deep troll earth magi (Vaults:1)
  Erica (Lair:2)
  20 death yaks
  2 thrashing horrors (Abyss:3)
  Urug (D:11)
  An orc high priest (Orc:1)
  2 deep elf knights
  Sonja (Orc:2)
  2 wretched stars (Abyss:3)
  The ghost of Peloso the Blocker, a novice MiFi of Okawaru (Bailey)
  2 fire crabs (shapeshifter)
  Nergalle (D:11)
  5 skeletal warriors (D:13)
  A swamp dragon (shapeshifter) (Vaults:1)
  4 unseen horrors
  2 deep trolls (Vaults:1)
  A deep elf archer (Vaults:1)
  8 sea snakes
  An ironbrand convoker (Vaults:1)
  7 hill giants
  2 orc knights
  27 harpies
  A wizard (D:13)
  The ghost of RickumRackum the Archer, a novice CeHu of Yredelemnul (D:6)
  Pikel (D:8)
  9 hornets
  A necromancer (Vaults:1)
  25 orb spiders
  A salamander (shapeshifter) (Abyss:3)
  5 deep elf magi
  3 oklob plants
  6 ugly things
  28 wolf spiders
  4 manticores
  12 fauns
  3 orc sorcerers
  8 cyclopes
  A fire giant zombie (Abyss:3)
  5 griffons
  5 black mambas
  7 elephants
  3 moths of wrath
  A naga mage (Abyss:3)
  A guardian serpent (Abyss:3)
  12 sirens
  3 vault sentinels (Vaults:1)
  2 molten gargoyles (Volcano)
  2 centaur skeletons (D:14)
  3 smoke demons (Abyss:3)
  An apocalypse crab (Abyss:3)
  An orange demon (Abyss:3)
  A gargoyle (D:11)
  Joseph (D:7)
  2 torpor snails
  16 spiny frogs
  13 demonic crawlers
  6 komodo dragons
  3 freezing wraiths
  2 rime drakes
  43 jumping spiders
  14 merfolk
  A polar bear (Lair:8)
  A queen bee (D:8)
  10 trolls
  3 wind drakes
  19 two-headed ogres
  2 boulder beetles (Spider:3)
  19 slime creatures
  2 snapping turtles
  7 raiju (Abyss:3)
  A stone giant simulacrum (Vaults:1)
  A fire giant simulacrum (Vaults:1)
  69 redbacks
  A spriggan (shapeshifter) (D:13)
  8 water elementals
  An air elemental (Orc:2)
  22 tarantellas
  39 yaks
  2 vampires
  A wyvern (Lair:8)
  4 fire elementals (D:12)
  2 wraiths
  4 ice beasts
  3 basilisks
  3 hungry ghosts
  4 large abominations (Abyss:3)
  A basilisk (shapeshifter) (D:13)
  Eustachio (D:4)
  A chaos spawn (Abyss:3)
  A yaktaur simulacrum (Vaults:1)
  11 hippogriffs
  A neqoxec (Abyss:3)
  A steam dragon (D:7)
  17 vampire mosquitoes
  3 wargs
  Menkaure (D:6)
  A mottled dragon (D:14)
  5 insubstantial wisps (Abyss:3)
  Duvessa (D:5)
  3 hell hounds (D:12)
  14 water moccasins
  8 porcupines
  29 orc warriors
  2 slaves (D:8)
  2 black bears
  2 eyes of draining
  A necrophage (D:11)
  2 phantoms
  3 sky beasts
  2 wasps
  56 ogres
  12 centaurs
  20 wolves
  14 crocodiles
  An elf zombie (Ossuary)
  20 giant frogs
  7 big kobolds
  4 small abominations (Abyss:3)
  A gnoll sergeant (Orc:2)
  Dowan (D:5)
  A yaktaur skeleton (Vaults:1)
  4 scorpions
  49 killer bees
  8 wights
  An electric eel (Spider:1)
  4 howler monkeys
  A lava snake (Volcano)
  9 crimson imps
  A human simulacrum (Vaults:1)
  3 centaur zombies
  A giant frog zombie (D:12)
  4 giant frog skeletons
  4 hounds
  4 jellies
  19 orc wizards
  2 quasits
  14 orc priests
  An iron imp (Abyss:3)
  8 iguanas
  11 worker ants
  A boulder beetle simulacrum (Vaults:1)
  17 sheep
  A big kobold zombie (Ossuary)
  A hound zombie (D:6)
  A hound skeleton (D:6)
  3 mummies (Ossuary)
  2 howler monkey skeletons
  A worker ant zombie (D:7)
  11 adders
  10 gnolls
  63 river rats
  2 shadow imps
  7 oozes
  An adder skeleton (D:6)
  5 adder zombies
  7 worms
  2 dart slugs (D:1)
  5 giant geckos
  73 orcs
  11 bats
  8 giant cockroaches
  A gnoll zombie (Ossuary)
  4 goblins
  12 hobgoblins
  9 quokkas
  4 ball pythons
  4 giant newts
  3 goblin zombies (Ossuary)
  2 hobgoblin zombies (Ossuary)
  A jackal skeleton (D:4)
  31 kobolds
  3 kobold zombies (Ossuary)
  3 quokka zombies
  24 rats
  2 rat zombies (Ossuary)
  6 bushes (D:6)
  12 fungi
  15 plants
1440 creatures vanquished.

Vanquished Creatures (others)
  An ironbrand convoker (Vaults:1)
  A faun (Shoals:1)
  A jumping spider (Spider:2)
  2 tarantellas (Spider:2)
  An elf skeleton (Vaults:1)
  2 slaves (D:8)
  2 orc wizards
  2 orcs (D:8)
  10 fungi
  27 plants
  5 starspawn tentacles (Abyss:3)
  122 starspawn tentacle segments (Abyss:3)
176 creatures vanquished.

Grand Total: 1616 creatures vanquished

Notes
Turn   | Place    | Note
--------------------------------------------------------------
     0 | D:1      | KarvaRausku the Minotaur Gladiator began the quest for the Orb.
     0 | D:1      | Reached XP level 1. HP: 18/18 MP: 0/0
    87 | D:1      | Reached XP level 2. HP: 18/25 MP: 1/1
   104 | D:1      | Reached skill level 3 in Fighting
   485 | D:1      | Reached XP level 3. HP: 25/31 MP: 2/2
  1081 | D:1      | Reached skill level 4 in Fighting
  1081 | D:1      | Reached skill level 5 in Axes
  1081 | D:1      | Reached XP level 4. HP: 17/40 MP: 3/3
  1320 | D:2      | Found a sacrificial altar of Ru.
  1632 | D:3      | Found an oddly glowing altar of Pakellas.
  1655 | D:3      | Reached XP level 5. HP: 37/47 MP: 4/4
  2035 | D:3      | Found a sparkling altar of Nemelex Xobeh.
  2235 | D:3      | Identified a +0 pair of boots of running (You found it on level 3 of the Dungeon)
  2351 | D:4      | Found a sand-covered staircase.
  2358 | Ossuary  | Entered an ossuary
  2364 | Ossuary  | Reached skill level 5 in Fighting
  2596 | Ossuary  | Reached XP level 6. HP: 38/56 MP: 5/5
  2944 | D:4      | Found a glowing drain.
  2948 | Sewer    | Entered a sewer
  2983 | Sewer    | Reached skill level 6 in Fighting
  3245 | Sewer    | Reached XP level 7. HP: 29/64 MP: 6/6
  3445 | Sewer    | Reached skill level 1 in Armour
  3911 | Sewer    | Reached skill level 7 in Fighting
  4243 | D:4      | Found a shadowy altar of Dithmenos.
  4352 | D:4      | Noticed Eustachio
  4361 | D:4      | Killed Eustachio
  4361 | D:4      | Reached XP level 8. HP: 68/73 MP: 7/7
  4378 | D:4      | Found a shimmering altar of Xom.
  4585 | D:4      | Noticed futacatgirl's ghost (amateur TeAE)
  5018 | D:5      | Entered Level 5 of the Dungeon
  5123 | D:5      | Noticed Duvessa
  5124 | D:5      | Noticed Dowan
  5129 | D:5      | Reached skill level 5 in Dodging
  5136 | D:5      | Killed Duvessa
  5139 | D:5      | Killed Dowan
  5359 | D:5      | Found an ancient bone altar of Kikubaaqudgha.
  5431 | D:5      | Reached skill level 8 in Fighting
  5458 | D:5      | Found a basalt altar of Yredelemnul.
  5535 | D:5      | Found a sacrificial altar of Ru.
  5656 | D:5      | Reached skill level 1 in Crossbows
  5909 | D:5      | Found a staircase to the Ecumenical Temple.
  6043 | Temple   | Entered the Ecumenical Temple
  6136 | Temple   | Became a worshipper of Warmaster Okawaru
  6191 | D:6      | Reached skill level 5 in Armour
  6250 | D:6      | Reached XP level 9. HP: 58/82 MP: 8/8
  6305 | D:6      | Noticed Menkaure
  6782 | D:6      | Killed Menkaure
  6782 | D:6      | Reached * piety under Okawaru
  7333 | D:6      | Reached skill level 9 in Fighting
  7665 | D:6      | Found a blossoming altar of Fedhas.
  7682 | D:6      | Noticed an oklob plant
  7762 | D:6      | Killed an oklob plant
  7781 | D:6      | Noticed RickumRackum's ghost (novice CeHu)
  7797 | D:6      | Killed RickumRackum's ghost
  7797 | D:6      | Reached ** piety under Okawaru
  7797 | D:6      | Reached skill level 10 in Axes
  7860 | D:6      | Reached XP level 10. HP: 82/91 MP: 9/9
  8046 | D:7      | Found a deep blue altar of Sif Muna.
  8265 | D:7      | Noticed Joseph
  8276 | D:7      | Killed Joseph
  8276 | D:7      | Reached *** piety under Okawaru
  8276 | D:7      | Reached skill level 5 in Crossbows
  8841 | D:8      | Received a gift from Okawaru
  8889 | D:8      | Found a basalt altar of Yredelemnul.
  8995 | D:8      | Noticed Pikel
  9009 | D:8      | Killed Pikel
  9009 | D:8      | Reached skill level 10 in Fighting
  9485 | D:8      | Reached **** piety under Okawaru
  9490 | D:8      | Received a gift from Okawaru
 10464 | D:9      | Reached XP level 11. HP: 37/101 MP: 10/10
 11377 | D:9      | Received a gift from Okawaru
 11391 | D:9      | Found a staircase to the Lair.
 11605 | D:10     | Entered Level 10 of the Dungeon
 11732 | D:10     | Killed an unseen horror
 11732 | D:10     | Received a gift from Okawaru
 11732 | D:10     | Reached skill level 11 in Fighting
 11735 | D:10     | Reached ***** piety under Okawaru
 11764 | D:10     | Noticed Maurice
 12097 | D:10     | Killed an unseen horror
 12229 | D:10     | Found Saash's Distillery.
 12383 | D:11     | Received a gift from Okawaru
 12448 | D:11     | Noticed Nergalle
 12548 | D:11     | Noticed Urug
 12557 | D:11     | Killed Urug
 12564 | D:11     | Gained mutation: Potions and wands are less effective at restoring your health. [potion of mutation]
 12564 | D:11     | Gained mutation: Armour fits poorly on your strangely shaped body. [potion of mutation]
 12564 | D:11     | Gained mutation: You are frail (-10% HP). [potion of mutation]
 12565 | D:11     | Lost mutation: You are frail (-10% HP). [potion of mutation]
 12565 | D:11     | Gained mutation: You possess an exceptional clarity of mind. [potion of mutation]
 12565 | D:11     | Gained mutation: Your mind is acute. (Int +2) [potion of mutation]
 12566 | D:11     | Gained mutation: You have large cloven feet. [potion of mutation]
 12566 | D:11     | Lost mutation: Potions and wands are less effective at restoring your health. [potion of mutation]
 12566 | D:11     | Gained mutation: You have a pair of large horns on your head. [potion of mutation]
 12567 | D:11     | Gained mutation: You occasionally shout uncontrollably at your foes. [potion of mutation]
 12567 | D:11     | Gained mutation: You are partially covered in iridescent scales (AC +4). [potion of mutation]
 12568 | D:11     | Gained mutation: You passively map a small area around you. [potion of mutation]
 12568 | D:11     | Lost mutation: You possess an exceptional clarity of mind. [potion of mutation]
 12569 | D:11     | Gained mutation: You are partially covered in yellow scales (AC +2). [potion of mutation]
 12796 | D:11     | Noticed a five-headed hydra
 13093 | D:11     | Noticed an ogre mage
 13102 | D:11     | Killed an ogre mage
 13174 | D:11     | Reached skill level 10 in Dodging
 13185 | D:11     | Reached skill level 10 in Armour
 13190 | D:11     | Noticed a centaur warrior
 13392 | D:11     | Killed a centaur warrior
 13645 | D:11     | Noticed a purple ugly thing
 13656 | D:11     | Killed a purple ugly thing
 13666 | D:11     | Noticed a five-headed hydra
 13713 | D:11     | Killed a nine-headed hydra
 13713 | D:11     | Reached skill level 12 in Fighting
 13713 | D:11     | Reached XP level 12. HP: 36/112 MP: 11/11
 14115 | Lair:1   | Entered Level 1 of the Lair of Beasts
 14241 | Lair:1   | Noticed a six-headed hydra
 14249 | Lair:1   | Killed a ten-headed hydra
 14249 | Lair:1   | Received a gift from Okawaru
 15001 | Lair:1   | Learned a level 4 spell: Passage of Golubria
 15928 | Lair:2   | Noticed a seven-headed hydra
 15936 | Lair:2   | Killed a nine-headed hydra
 15936 | Lair:2   | Received a gift from Okawaru
 15982 | Lair:2   | Noticed Erica
 15993 | Lair:2   | Killed Erica
 15993 | Lair:2   | Reached skill level 13 in Fighting
 15993 | Lair:2   | Reached skill level 1 in Translocations
 16397 | Lair:3   | Reached skill level 1 in Spellcasting
 16430 | Lair:3   | Found a dark tunnel.
 16446 | Volcano  | Entered a volcano
 16871 | Volcano  | Found a radiant altar of Vehumet.
 16871 | Volcano  | Noticed an ogre mage
 16880 | Volcano  | Killed an ogre mage
 16921 | Volcano  | Reached ****** piety under Okawaru
 16948 | Volcano  | Received a gift from Okawaru
 17212 | Volcano  | Reached XP level 13. HP: 32/122 MP: 14/14
 17560 | Lair:3   | Received a gift from Okawaru
 17599 | Lair:3   | Got a pair of twisted gloves {god gift}
 17605 | Lair:3   | Identified the +0 pair of gloves of Zugokank {rElec Str+3 Int-3 Dex+4} (Okawaru gifted it to you on level 3 of the Lair of Beasts)
 17611 | Lair:3   | Noticed Gastronok
 17624 | Lair:3   | Killed Gastronok
 17745 | Lair:3   | Noticed Rupert
 17754 | Lair:3   | Killed Rupert
 17981 | Lair:4   | Noticed Maud
 17988 | Lair:4   | Killed Maud
 17988 | Lair:4   | Reached skill level 14 in Fighting
 18548 | Lair:4   | Found a staircase to the Shoals.
 18817 | Lair:5   | Got a jewelled buckler
 18819 | Lair:5   | Identified the +2 buckler of Xom's Reproof {rF+ rC+} (You found it on level 5 of the Lair of Beasts)
 19250 | Lair:5   | Received a gift from Okawaru
 19451 | Lair:6   | Found a burning altar of Makhleb.
 19457 | Lair:6   | Found a hole to the Spider Nest.
 19772 | D:8      | Got a steaming scale mail
 19774 | D:8      | Identified the +1 scale mail of the Raven {*Drain rF+ MR++} (You found it on level 8 of the Dungeon)
 19931 | Lair:6   | Received a gift from Okawaru
 19937 | Lair:6   | Received a gift from Okawaru
 20199 | Lair:7   | Received a gift from Okawaru
 20199 | Lair:7   | Reached XP level 14. HP: 133/133 MP: 17/17
 21133 | Lair:7   | Got a polished battleaxe {god gift}
 21134 | Lair:7   | Identified the +1 battleaxe "Beabb" {elec, *Contam Int+5 SInv} (Okawaru gifted it to you on level 7 of the Lair of Beasts)
 21138 | Lair:8   | Entered Level 8 of the Lair of Beasts
 21168 | Lair:8   | Lost mutation: Your mind is acute. (Int +2) [mutagenic glow]
 21199 | Lair:8   | Reached skill level 15 in Axes
 21211 | Lair:8   | Reached skill level 15 in Fighting
 21211 | Lair:8   | Received a gift from Okawaru
 21732 | Lair:8   | Found a staircase to the Slime Pits.
 22413 | Lair:8   | Got a brightly glowing scale mail
 22425 | Lair:8   | Identified the +5 scale mail "Zoitudy" {rElec rPois rF- rCorr} (You found it on level 8 of the Lair of Beasts)
 22511 | Lair:8   | Gained mutation: You are weak. (Str -2) [potion of mutation]
 22511 | Lair:8   | Lost mutation: You have large cloven feet. [potion of mutation]
 22708 | Lair:8   | Received a gift from Okawaru
 22871 | Lair:7   | Reached skill level 16 in Fighting
 23029 | D:11     | Killed Nergalle
 23063 | D:12     | Noticed Azrael
 23073 | D:12     | Killed Azrael
 23770 | D:12     | Found a staircase to the Orcish Mines.
 23786 | D:12     | Reached XP level 15. HP: 135/145 MP: 18/18
 23809 | D:12     | Got a polished spear
 23813 | D:12     | Identified the +8 spear of Equilibrium {freeze, rN+ Str+5 Int+2} (You found it on level 12 of the Dungeon)
 23816 | Orc:1    | Entered Level 1 of the Orcish Mines
 23926 | Orc:1    | Found Pakkazxu's Weapon Shoppe.
 24283 | Orc:2    | Entered Level 2 of the Orcish Mines
 24283 | Orc:2    | Noticed an orc warlord
 24310 | Orc:1    | HP: 2/145 [orc warlord/bardiche (17)]
 24312 | Orc:1    | Killed an orc warlord
 24690 | Orc:2    | Received a gift from Okawaru
 24813 | Orc:2    | Found an iron altar of Okawaru.
 24815 | Orc:2    | Noticed Saint Roka
 24829 | Orc:2    | Killed Saint Roka
 24966 | Orc:2    | Found a staircase to the Elven Halls.
 25024 | Orc:2    | Noticed Nessos
 25032 | Orc:2    | Killed Nessos
 25043 | Orc:2    | Found Amurphon's Antique Weapon Boutique.
 25043 | Orc:2    | Found Dihapt's Jewellery Emporium.
 25043 | Orc:2    | Found Nockus's Gadget Emporium.
 25043 | Orc:2    | Found Luygoxzi's Magic Scroll Shop.
 25048 | Orc:2    | Reached skill level 17 in Fighting
 25064 | Orc:2    | Received a gift from Okawaru
 25219 | Orc:2    | Noticed Sonja
 25226 | Orc:2    | Killed Sonja
 25281 | Orc:2    | Bought an uncursed amulet of the gourmand for 480 gold pieces
 25282 | Orc:2    | Bought a scroll of acquirement for 780 gold pieces
 25292 | Orc:2    | Got a heavily runed cloak
 25303 | Orc:2    | Identified the -5 cloak of Sloth {rF- Int+3 Stlth+} (You acquired it on level 2 of the Orcish Mines)
 25737 | Elf:1    | Entered Level 1 of the Elven Halls
 25866 | Elf:1    | Noticed a Tzitzimitl
 26413 | D:12     | Got a transparent leather armour
 26424 | D:12     | Identified the cursed +0 leather armour "Keanyem" {rF+ MR+} (You found it on level 12 of the Dungeon)
 26979 | D:13     | Noticed Anicorn's ghost (journeyman MiBe)
 26990 | D:13     | Killed Anicorn's ghost
 27702 | D:14     | Found a gate to the Vaults.
 27723 | D:14     | Received a gift from Okawaru
 27724 | D:14     | Reached XP level 16. HP: 123/157 MP: 19/19
 27733 | D:14     | Reached skill level 18 in Fighting
 27766 | D:14     | Found a flagged portal.
 27784 | Bailey   | Entered a bailey
 27795 | Bailey   | Noticed Peloso's ghost (novice MiFi)
 27802 | Bailey   | Killed Peloso's ghost
 28866 | D:15     | Entered Level 15 of the Dungeon
 29512 | Shoals:1 | Entered Level 1 of the Shoals
 30269 | Shoals:1 | Reached skill level 15 in Armour
 30365 | Shoals:1 | Got a slimy robe
 30827 | Shoals:1 | Received a gift from Okawaru
 30836 | Shoals:2 | Received a gift from Okawaru
 31171 | Shoals:2 | Reached skill level 19 in Fighting
 31279 | Shoals:2 | Got an ebony hand crossbow
 31398 | Shoals:2 | Identified the +12 hand crossbow of the Big Bang {elec, Str+2} (You found it on level 2 of the Shoals)
 32370 | Shoals:3 | Received a gift from Okawaru
 32713 | Shoals:3 | Identified the +3 robe of Levity {rF+++ MR- Dex-4 Slay+2} (You found it on level 1 of the Shoals)
 32766 | Shoals:3 | Reached XP level 17. HP: 168/168 MP: 20/20
 33086 | Shoals:3 | Found Naemibeneang's Food Boutique.
 33246 | Shoals:4 | Entered Level 4 of the Shoals
 33256 | Shoals:4 | Noticed Ilsuiw
 33323 | Shoals:4 | Killed Ilsuiw
 33451 | Shoals:4 | Got a barnacled rune of Zot
 34176 | Spider:1 | Entered Level 1 of the Spider Nest
 34422 | Spider:1 | Reached skill level 20 in Fighting
 34764 | Lair:8   | Got a polished executioner's axe {god gift}
 34766 | Lair:8   | Identified the +5 executioner's axe "Ofetwasu" {chop, rElec Stlth+} (Okawaru gifted it to you on level 8 of the Lair of Beasts)
 34793 | Lair:8   | Gained mutation: Your magical capacity is low (-10% MP). [mutagenic glow]
 35169 | Spider:2 | Received a gift from Okawaru
 35372 | Spider:2 | Received a gift from Okawaru
 35518 | Spider:2 | Received a gift from Okawaru
 35573 | Spider:2 | Reached skill level 1 in Invocations
 36392 | Spider:3 | Noticed Arachne
 36408 | Spider:3 | Killed Arachne
 36469 | Spider:3 | Got a polished hand crossbow
 36682 | Spider:3 | Received a gift from Okawaru
 36686 | Spider:3 | Got an ichor-stained battleaxe {god gift}
 36714 | Spider:3 | Identified the +1 battleaxe of Autumn {chop, rPois Stlth+} (Okawaru gifted it to you on level 3 of the Spider Nest)
 37079 | Spider:3 | Reached XP level 18. HP: 180/180 MP: 19/19
 37389 | Spider:4 | Entered Level 4 of the Spider Nest
 38199 | Spider:4 | Received a gift from Okawaru
 38209 | Spider:4 | Reached skill level 5 in Invocations
 39410 | Spider:4 | Got a gossamer rune of Zot
 39684 | Lair:8   | Received a gift from Okawaru
 39872 | Slime:1  | Entered Level 1 of the Pits of Slime
 40040 | Slime:1  | Reached skill level 21 in Fighting
 40672 | Vaults:1 | Entered Level 1 of the Vaults
 40890 | Vaults:1 | Got an encrusted scale mail
 41267 | Vaults:1 | Received a gift from Okawaru
 41658 | Vaults:1 | Reached XP level 19. HP: 175/189 MP: 20/20
 41896 | Vaults:1 | Identified the +1 scale mail "Ekheabb" {*Confuse rElec rPois rN+} (You found it on level 1 of the Vaults)
 42079 | Vaults:2 | Cast into level 3 of the Abyss (vault warden)
 42085 | Abyss:3  | Noticed a lich
 42127 | Abyss:3  | Reached skill level 5 in Throwing
 42137 | Abyss:3  | Received a gift from Okawaru
 42467 | Abyss:3  | Received a gift from Okawaru
 42604 | Abyss:3  | Gained mutation: You are very weak. (Str -4) [mutagenic glow]
 42652 | Abyss:3  | HP: 10/285 [burnt (5)]
 42654 | Abyss:3  | Killed from afar by a hellion

Skill      XL: |  1  2  3  4  5  6  7  8  9 10 11 12 13 14 15 16 17 18 19 |
---------------+----------------------------------------------------------+-----
Axes           | 4 5 6 7 8 9 10 12 13 14 16 18 19 20 | 20.4
Fighting       | 3 4 5 6 7 8 9 10 12 13 14 16 17 19 20 21 | 21.4
Armour         | 3 5 6 8 10 11 12 13 14 15 16 17 18 | 18.1
Dodging        | 4 5 7 8 10 11 12 13 14 | 14.3
Crossbows      | 1 4 6 |  6.6
Translocations | 1 3 |  3.4
Spellcasting   | 1 2 3 |  3.1
Invocations    | 3 6 7 |  7.4
Throwing       | 4 5 |  5.7

Action                   |  1- 3 |  4- 6 |  7- 9 | 10-12 | 13-15 | 16-18 | 19-21 || total
-------------------------+-------+-------+-------+-------+-------+-------+-------++-------
Melee: War axe           |    48 |   170 |   202 |       |       |       |       ||   420
       Headbutt          |    13 |    27 |    80 |   111 |   213 |   276 |    27 ||   747
       Battleaxe         |       |       |    96 |   515 |   703 |   913 |    25 ||  2252
       Executioner's axe |       |       |       |       |       |   150 |   100 ||   250
 Fire: Hand crossbow     |       |       |    46 |   139 |       |       |       ||   185
Throw: Throwing net      |       |       |     3 |     1 |       |     4 |       ||     8
       Tomahawk          |       |       |       |       |       |    97 |     4 ||   101
       Javelin           |       |       |       |       |       |     8 |       ||     8
Invok: Heroism           |       |       |       |       |       |     6 |     2 ||     8
       Finesse           |       |       |       |       |       |       |     1 ||     1
Evoke: Deck              |       |       |       |       |     1 |     4 |     1 ||     6
       Wand              |       |       |       |       |       |    10 |     1 ||    11
  Use: Scroll            |       |     4 |    13 |    20 |    15 |    16 |     1 ||    69
       Potion            |       |     5 |     3 |    14 |     6 |     8 |     5 ||    41
 Stab: Sleeping          |       |       |     1 |       |       |       |       ||     1
       Held in net/web   |       |       |     2 |       |       |       |       ||     2
       Invisible         |       |       |       |       |    14 |       |       ||    14
       Distracted        |       |       |       |       |     1 |     1 |     1 ||     3
  Eat: Chunk             |       |     6 |    14 |    21 |    26 |    36 |     2 ||   105
       Beef jerky        |       |     1 |       |     3 |     2 |     2 |       ||     8
       Fruit             |       |       |     1 |       |    12 |       |       ||    13
       Pizza             |       |       |     1 |       |       |     2 |       ||     3
       Meat ration       |       |       |       |     2 |       |       |       ||     2
       Royal jelly       |       |       |       |     1 |       |       |       ||     1
       Bread ration      |       |       |       |       |       |     1 |       ||     1
Armor: Leather armour    |     8 |    44 |    36 |       |       |       |       ||    88
       Chain mail        |       |       |    30 |   178 |       |       |       ||   208
       Plate armour      |       |       |       |   212 |   141 |       |       ||   353
       Scale mail        |       |       |       |       |   130 |   579 |    39 ||   748
       Skin              |       |       |       |       |    16 |       |       ||    16
Dodge: Dodged            |    28 |    90 |   143 |   459 |   590 |  1137 |   109 ||  2556
